 Dungeon Crawl Stone Soup version 0.31-a0-319-g4fced400ed (webtiles) character file.

Game seed: 286480124245250882

38211 Newt the Demolition Demonspawn (level 13, -6/99 (101) HPs)
             Began as a Demonspawn Gladiator on July 17, 2023.
             Was an Elder of Makhleb.
             Mangled by a dire elephant (22 damage)
             ... on level 5 of the Lair of Beasts.
             The game lasted 00:23:50 (16635 turns).

Newt the Demolition Demonspawn (DsGl)              Turns: 16635, Time: 00:23:50

HP:   -6/99 (101)   AC: 18    Str: 14    XL:     13   Next: 62%
MP:   21/21         EV: 19    Int:  9    God:    Makhleb [****..]
Gold: 456           SH:  4    Dex: 33    Spells: 19/21 levels left

rFire   x . .        H - +7 long sword "Zyimypsa" {flame, +Blink Fly rF- Will+++}
rCold   + . .        (no shield)
rNeg    . . .        p - +2 ring mail {rC+}
rPois   .            m - +2 hat
rElec   .            (no cloak)
rCorr   .            (no gloves)
SInv    .            k - +2 pair of boots {Fly}
Will    +++..        S - amulet of regeneration
Stlth   ++++         B - +6 ring of dexterity
HPRegen 1.16/turn    q - +6 ring of dexterity
MPRegen 0.17/turn

%: no passive effects
@: about to teleport, flying, studying Armour, lightly drained
A: hooves 2, icemail 1, powered by pain 1, sturdy frame 2, condensation shield
a: Renounce Religion, Evoke Blink, Minor Destruction, Lesser Servant of Makhleb,
Major Destruction


You were on level 5 of the Lair of Beasts.
You worshipped Makhleb.
Makhleb was greatly pleased with you.
You visited 3 branches of the dungeon, and saw 16 of its levels.
You also visited: Sewer.

You collected 861 gold pieces.
You spent 405 gold pieces at shops.

Inventory:

Hand Weapons
 a - a +0 rapier
 i - a +3 sling of freezing
 H - the +7 long sword "Zyimypsa" (weapon) {flame, +Blink Fly rF- Will+++}
   (You bought it in a shop on level 8 of the Dungeon)

   rF:        It makes you vulnerable to fire.
   Fly:       It grants you flight.
   +Blink:    It lets you blink.
   Will:      It greatly increases your willpower.
Missiles
 d - a throwing net
 e - 6 javelins
 J - a boomerang
 M - a boomerang of dispersal
Armour
 b - a +0 leather armour
 c - a +0 helmet
 k - a +2 pair of boots of flying (worn)
 m - a +2 hat (worn)
 p - a +2 ring mail of cold resistance (worn)
 E - +0 steam dragon scales
 N - a +2 scale mail of fire resistance
 W - a +2 leather armour of poison resistance
Jewellery
 g - a +5 ring of evasion
 q - a +6 ring of dexterity (right hand)
 t - a ring of flight
 x - a ring of resist corrosion
 B - a +6 ring of dexterity (left hand)
 I - a ring of positive energy
 L - a +6 ring of dexterity
 S - an amulet of regeneration (around neck)
 V - a +6 ring of dexterity
 X - a ring of protection from cold
Wands
 n - a wand of flame (16)
 o - a wand of charming (4)
 C - a wand of digging (7)
 D - a wand of iceblast (2)
 T - a wand of polymorph (5)
Scrolls
 f - 7 scrolls of fear
 l - 3 scrolls of poison
 r - 2 scrolls of teleportation
 y - 2 scrolls of silence
 A - 5 scrolls of identify
 G - a scroll of blinking
 Q - 2 scrolls of vulnerability
 R - 2 scrolls of fog
 U - a scroll of noise
 Y - a scroll of enchant weapon
Potions
 h - 3 potions of curing
 j - 5 potions of brilliance
 s - 2 potions of might
 u - 3 potions of cancellation
 v - a potion of haste
 w - 2 potions of lignification
 z - 4 potions of degeneration
 F - 2 potions of ambrosia
 K - a potion of attraction
 O - 2 potions of mutation
 P - a potion of resistance
 Z - a potion of heal wounds


   Skills:
 - Level 9.0 Fighting
 - Level 2.6(6.7) Short Blades
 - Level 9.8(10.0) Long Blades
 - Level 8.9 Ranged Weapons
 - Level 1.7 Throwing
 - Level 10.0 Armour
 - Level 6.0 Dodging
 - Level 4.0 Stealth
 - Level 4.7 Spellcasting
 - Level 4.7 Transmutations
 + Level 11.8 Invocations
 - Level 6.0 Evocations


You had 19 spell levels left.
You knew the following spells:

 Your Spells              Type           Power      Damage    Failure   Level
a - Wereblood             Tmut           10%        N/A       6%          2

Your spell library contained the following spells:

 Spells                   Type           Power      Damage    Failure   Level
 Slow                     Hex            8%         N/A       28%         1
 Ensorcelled Hibernation  Hex/Ice        4%         N/A       38%         2
 Static Discharge         Conj/Air       4%         2-3/arc   38%         2
 Confusing Touch          Hex            2%         N/A       63%         3
 Frozen Ramparts          Ice            4%         1d1       63%         3
 Stone Arrow              Conj/Erth      4%         3d7       63%         3
 Tukima's Dance           Hex            2%         N/A       63%         3
 Vampiric Draining        Necr           2%         2d6       63%         3
 Petrify                  Tmut/Erth      6%         N/A       71%         4
 Anguish                  Hex/Necr       1%         N/A       95%         4
 Passage of Golubria      Tloc           2%         N/A       95%         4
 Irradiate                Conj/Tmut      3%         3d12      96%         5
 Yara's Violent Unravell  Hex/Tmut       3%         3d4       96%         5
 Metabolic Englaciation   Hex/Ice        1%         N/A       100%        5
 Eringya's Noxious Bog    Tmut/Pois      3%         4d6       100%        6


Dungeon Overview and Level Annotations

Branches:
Dungeon (10/15)            Temple (1/1) D:4            Lair (5/5) D:10
 Shoals (0/4) Lair:2        Slime (0/5) Lair:5        Sewer (visited)
  Snake: Lair:2-3    Spider: Lair:2-3       Orc: D:9-12

Altars:
Ashenzari
Cheibriados
Dithmenos
Fedhas
Gozag
Hepliaklqana
Kikubaaqudgha
Makhleb
Nemelex Xobeh
Okawaru
Qazlal
Ru
Sif Muna
Trog
Uskayaw
Vehumet
Wu Jian
Xom
Yredelemnul
Jiyva

Shops:
D:4 [(   D:8 *


Innate Abilities, Weirdness & Mutations

You have hoof-like feet.
A meltable icy envelope protects you from harm. (AC +4)
You sometimes gain a little power by taking damage.
Your movements are less encumbered by armour. (ER -4)
A meltable shield of frost defends you. (SH +4)


Message History

The dire elephant completely misses you.
The dire elephant trunk-slaps you but does no damage.
The dire elephant tramples you!
You are shoved backwards!
Unknown command.
Unknown command.
The dire elephant attacks as you move away!
The dire elephant tramples you but does no damage.
The dire elephant completely misses you.
Unknown command.
The dire elephant attacks as you move away!
The dire elephant tramples you! The dire elephant barely misses you.
There is a large open door here.
The dire elephant tramples you!
You are shoved backwards!
The necromancer mumbles some strange words.
The necromancer binds the souls of nearby monsters.
The dire elephant attacks as you move away!
The dire elephant barely misses you. The dire elephant trunk-slaps you.
The necromancer gestures at you while chanting.
You resist with almost no effort.
The dire elephant attacks as you move away!
The dire elephant tramples you!!
* * * LOW HITPOINT WARNING * * *
The dire elephant trunk-slaps you but does no damage.
Okay, then.
The dire elephant attacks as you move away!
The dire elephant closely misses you. x2
You hit the dire elephant. You burn the dire elephant.
The dire elephant is lightly wounded.
You block the dire elephant's attack. The dire elephant misses you.
You completely miss the dire elephant.
The dire elephant is lightly wounded.
The dire elephant tramples the withered plant!!
The withered plant begins to crumble.
The dire elephant trunk-slaps the withered plant.
The dire elephant tramples you!!
* * * LOW HITPOINT WARNING * * *
You are shoved backwards!
As you read the scroll of teleportation, it crumbles to dust.
You feel strangely unstable. The dire elephant tramples you!!
You die...

8..P.. ###...# Z.Z.
####.### ####8Z
####....# #####
#+#....#### ≈ ##)##
#.#.####.8#.~ ##'##
#...#.....'.. #♣.♣♣
#8..#....8##.
#...♣♣####''#''####
##..@YY#P#..#..#
#P♣P...p......#
##♣♣PPP......##
♣♣##...#### #####


You could see 2 dire elephants and a necromancer.

Vanquished Creatures
  3 hydras
  Erolcha (D:9)
  2 catoblepae
  A boulder beetle (Lair:4)
  The ghost of Shard1697 the Spear-Bearer, a novice DrHW of Makhleb (D:10)
  2 centaur warriors
  2 two-headed ogres
  A death yak (Lair:5)
  Urug (Lair:1)
  2 skysharks
  A spectral death yak (Lair:5)
  An obsidian statue (Lair:5)
  A lindwurm (Lair:4)
  2 necromancers
  An ugly thing (D:8)
  5 elephants (Lair:5)
  A merfolk siren (Lair:2)
  8 black mambas
  A dire elephant zombie (Lair:5)
  A torpor snail (Lair:2)
  8 cane toads
  A dire elephant skeleton (Lair:5)
  A gargoyle (D:8)
  Maggie (D:8)
  5 komodo dragons
  6 polar bears
  3 spectral elephants (Lair:5)
  13 blink frogs
  5 dream sheep (Lair:4)
  2 shadows
  4 wyverns
  18 yaks
  A wraith (D:10)
  2 basilisks
  3 steam dragons
  2 spectral cane toads (Lair:5)
  11 water moccasins
  4 acid dragons
  3 sky beasts
  An elephant zombie (Lair:5)
  4 orc warriors
  2 black bears
  5 wolves
  An elephant skeleton (Lair:5)
  4 centaurs
  2 phantoms
  2 kobold brigands (D:8)
  9 bullfrogs
  2 gnoll sergeants
  3 cane toad simulacra (Lair:5)
  3 scorpions
  7 wights (D:8)
  4 killer bees
  3 howler monkeys
  2 hounds
  4 crimson imps (D:8)
  4 orc priests
  4 jellies
  A gnoll bouda (D:5)
  2 iguanas
  A sleepcap (D:6)
  Natasha (thrice) (D:2)
  2 yak simulacra (D:10)
  10 orc wizards
  2 polar bear simulacra (D:10)
  6 wolf simulacra (D:10)
  7 gnolls
  19 adders
  3 river rats (D:4)
  A shadow imp (D:6)
  An ufetubus (D:5)
  41 orcs
  14 endoplasms
  2 giant cockroaches
  5 goblins
  8 hobgoblins
  5 jackals
  6 quokkas
  16 ball pythons
  7 bats
  9 frilled lizards
  8 kobolds
  8 rats
  A river rat simulacrum (D:10)
  A butterfly (Lair:5)
386 creatures vanquished.

Vanquished Creatures (collateral kills)
  A wolf (Lair:5)
1 creature vanquished.

Vanquished Creatures (others)
  A spectral cane toad (Lair:5)
1 creature vanquished.

Grand Total: 388 creatures vanquished

Notes
Turn   | Place    | Note
-------+----------+-------------------------------------------
     0 | D:1      | Newt the Demonspawn Gladiator began the quest for the Orb.
     0 | D:1      | Reached XP level 1. HP: 16/16 MP: 1/1
   231 | D:1      | Gained mutation: A meltable shield of frost defends you.
                  | (SH +4) [demonic ancestry]
   231 | D:1      | Reached XP level 2. HP: 23/23 MP: 2/2
   694 | D:2      | Noticed Natasha
   702 | D:2      | Killed Natasha
   703 | D:2      | Gained mutation: Your movements are slightly less
                  | encumbered by armour. (ER -2) [demonic ancestry]
   703 | D:2      | Reached XP level 3. HP: 14/30 MP: 3/3
   869 | D:2      | Noticed Natasha
   875 | D:2      | Killed Natasha
   876 | D:2      | Reached skill level 1 in Ranged Weapons
   876 | D:2      | Reached XP level 4. HP: 14/37 MP: 4/4
  1228 | D:2      | Noticed Natasha
  1233 | D:2      | Killed Natasha
  1602 | D:2      | Reached XP level 5. HP: 42/42 MP: 5/5
  1688 | D:3      | Found a radiant altar of Vehumet.
  2210 | D:4      | Found a sacrificial altar of Ru.
  2219 | D:4      | Gained mutation: You sometimes gain a little power by
                  | taking damage. [demonic ancestry]
  2219 | D:4      | Reached XP level 6. HP: 47/48 MP: 6/6
  2359 | D:4      | Reached skill level 5 in Ranged Weapons
  2366 | D:4      | Found Gyukk's Antique Weapon Emporium.
  2431 | D:4      | Found Atsebam's Armour Shoppe.
  2486 | D:4      | Found Sozafay's Weapon Boutique.
  2554 | D:4      | Found a glowing drain.
  2560 | Sewer    | Entered a sewer
  3024 | D:4      | Found a staircase to the Ecumenical Temple.
  3157 | Temple   | Entered the Ecumenical Temple
  3288 | D:5      | Entered Level 5 of the Dungeon
  3334 | D:5      | Gained mutation: Your movements are less encumbered by
                  | armour. (ER -4) [demonic ancestry]
  3334 | D:5      | Reached XP level 7. HP: 54/54 MP: 7/7
  3571 | D:5      | Found a broken altar of Ashenzari.
  4339 | D:6      | Gained mutation: You have large cloven feet. [demonic
                  | ancestry]
  4339 | D:6      | Reached XP level 8. HP: 57/60 MP: 8/8
  4533 | D:6      | Found an ornate altar of the Wu Jian Council.
  5215 | D:7      | Reached skill level 5 in Fighting
  5564 | D:7      | Reached skill level 5 in Dodging
  5748 | D:7      | Reached XP level 9. HP: 69/69 MP: 9/9
  6122 | D:8      | Reached skill level 1 in Armour
  6300 | D:8      | Noticed a two-headed ogre
  6312 | D:8      | Noticed Maggie
  6313 | D:8      | Killed a two-headed ogre
  6349 | D:8      | Killed Maggie
  6584 | D:8      | Reached skill level 1 in Stealth
  6584 | D:8      | Reached XP level 10. HP: 61/83 MP: 10/10
  6730 | D:8      | Found a shimmering altar of Xom.
  6766 | D:8      | Noticed a white ugly thing
  6782 | D:8      | Killed a white ugly thing
  7125 | D:8      | Found Pegini's Assorted Antiques.
  7134 | D:8      | Bought a scroll of identify for 60 gold pieces
  7134 | D:8      | Bought a smoking long sword for 255 gold pieces
  7134 | D:8      | Identified the +7 long sword "Zyimypsa" {flame, +Blink Fly
                  | rF- Will+++} (You bought it in a shop on level 8 of the
                  | Dungeon)
  7134 | D:8      | Bought a scroll of identify for 60 gold pieces
  7134 | D:8      | Bought a scroll labelled EGENAN JUCRA for 30 gold pieces
  7138 | D:8      | Acquired a manual of Armour
  7168 | D:8      | Found an opulent altar of Gozag.
  7246 | D:8      | Noticed a gargoyle
  7247 | D:8      | Reached skill level 1 in Long Blades
  7254 | D:8      | Killed a gargoyle
  7650 | Temple   | Became a worshipper of Makhleb the Destroyer
  7889 | D:8      | Noticed a centaur warrior
  7898 | D:8      | Killed a centaur warrior
  7991 | D:9      | Noticed Erolcha
  8000 | D:9      | Killed Erolcha
  8001 | D:9      | Reached skill level 5 in Long Blades
  8507 | D:9      | Reached XP level 11. HP: 82/89 MP: 11/11
  8729 | D:9      | Found a blossoming altar of Fedhas.
  8957 | D:9      | Found a faded altar of an unknown god.
  8958 | D:9      | Found a faded altar of an unknown god.
  8960 | D:9      | Found a hazy altar of Hepliaklqana.
  9356 | D:10     | Entered Level 10 of the Dungeon
  9356 | D:10     | Found a stormy altar of Qazlal.
  9376 | D:10     | Noticed a two-headed ogre
  9390 | D:10     | Killed a two-headed ogre
  9441 | D:10     | Identified the +8 mace "Giant's Toothpick" {elec, Will++
                  | Str-4 Dex+5}
  9442 | D:10     | Noticed a centaur warrior
  9462 | D:10     | Killed a centaur warrior
  9649 | D:10     | Got the Opusculum on Bruises and Reformation
  9867 | D:10     | Found a staircase to the Lair.
  9872 | D:10     | Learned a level 2 spell: Wereblood
  9909 | D:10     | Reached * piety under Makhleb
  9980 | D:10     | Noticed a necromancer
  9986 | D:10     | Killed a necromancer
 10522 | D:10     | Found a runed translucent door.
 10522 | D:10     | Noticed Shard1697's ghost (novice DrHW)
 10547 | D:10     | Killed Shard1697's ghost
 10601 | Lair:1   | Entered Level 1 of the Lair of Beasts
 10700 | Lair:1   | Noticed Urug
 10717 | Lair:1   | Killed Urug
 10718 | Lair:1   | Reached skill level 1 in Spellcasting
 10718 | Lair:1   | Reached skill level 1 in Transmutations
 10976 | Lair:1   | Reached ** piety under Makhleb
 11319 | Lair:1   | Gained mutation: You have hoof-like feet. [demonic
                  | ancestry]
 11319 | Lair:1   | Reached XP level 12. HP: 88/95 MP: 17/17
 11470 | Lair:1   | Noticed a catoblepas
 11491 | Lair:1   | Killed a catoblepas
 12094 | Lair:2   | Found a staircase to the Shoals.
 12126 | Lair:2   | HP: 3/95 [skyshark (6)]
 12447 | Lair:2   | Reached skill level 5 in Armour
 13180 | Lair:2   | Noticed a six-headed hydra
 13200 | Lair:1   | Killed a five-headed hydra
 13466 | Lair:2   | Reached skill level 10 in Armour
 13634 | Lair:2   | Reached skill level 1 in Evocations
 14114 | Lair:3   | You are sucked into a shaft and drop 2 floors!
 14114 | Lair:5   | Entered Level 5 of the Lair of Beasts
 14455 | Lair:4   | Noticed a catoblepas
 14474 | Lair:4   | Killed a catoblepas
 14565 | Lair:4   | Reached skill level 5 in Evocations
 14603 | Lair:4   | Reached *** piety under Makhleb
 14835 | Lair:4   | Reached skill level 1 in Invocations
 14916 | Lair:4   | Reached skill level 2 in Invocations
 14916 | Lair:4   | Gained mutation: A meltable icy envelope protects you from
                  | harm. (AC +4) [demonic ancestry]
 14916 | Lair:4   | Reached XP level 13. HP: 90/101 MP: 20/20
 14945 | Lair:4   | Reached skill level 3 in Invocations
 15278 | Lair:4   | Reached skill level 4 in Invocations
 15429 | Lair:4   | Reached skill level 5 in Invocations
 15460 | Lair:5   | Reached skill level 6 in Invocations
 15507 | Lair:5   | Found a viscous altar of Jiyva.
 15509 | Lair:5   | Found a staircase to the Slime Pits.
 15620 | Lair:5   | Reached skill level 7 in Invocations
 15939 | Lair:5   | Reached skill level 8 in Invocations
 16006 | Lair:5   | Reached **** piety under Makhleb
 16021 | Lair:5   | Reached skill level 9 in Invocations
 16383 | Lair:5   | Reached skill level 10 in Invocations
 16430 | Lair:5   | Noticed a dire elephant
 16431 | Lair:5   | Noticed a dire elephant
 16479 | Lair:5   | Reached skill level 11 in Invocations
 16635 | Lair:5   | Mangled by a dire elephant

Illustrated notes

Levels and vault maps discovered:
D:1:      onia_arrival_handbag, layout_loops_ring, serial_glass,
          glass_columns_a, glass_columns_b, glass_columns_b, glass_columns_a,
          glass_columns_a, glass_columns_a, glass_columns_a, glass_columns_a,
          minmay_pentomino_p2
D:2:      minmay_evil_eye, layout_basic, due_unseen_surprise, uniq_natasha
D:3:      layout_basic, overflow_temple_1_default
D:4:      layout_gridville, nicolae_ru_great_annihilating_truth,
          minmay_temple_entry_gardened_gates, gup_sewer_entry_spiral,
          serial_shops, nicolae_shop_bloodbath_and_beyond, shop, shop
D:5:      layout_basic, ashenzari_conservatory_becter
D:6:      layout_loops_corners, general_overflow_altar,
          nzn_wu_jian_contemplation
D:7:      layout_basic
D:8:      cheibrodos_ideogram_h, layout_rooms, led_xom_imps,
          grunt_gozag_statues, serial_shops, nicolae_shop_advertising_works
          [nicolae_subvault_shop_adworks], uniq_maggie
D:9:      layout_basic, mainiacjoe_overflow_alcove_1,
          nicolae_hepliaklqana_ecumenical_no_more, minmay_gold_behind_fungi,
          uniq_erolcha
D:10:     layout_loops_ring, mainiacjoe_overflow_small_starburst,
          lair_entry_dummy, gammafunk_ghost_grave, eino_house_with_fridge
Temple:   hc_temple_tempest_star
Lair:1:   layout_chaotic_city, infiniplex_staircase_pool_2, uniq_urug
Lair:2:   layout_misc_corridors, minmay_shoals_entry_lonely_mermaid,
          cheibrodos_lair_lostbears
Lair:3:   layout_gridlike, nicolae_snake_entry_warm_welcome,
          lemuel_fruit_fields, grunt_megastairs_5, lemuel_fruit_tree,
          uniq_nergalle
Lair:4:   layout_gridlike, grunt_megastairs_4
Lair:5:   due_jungle_book, layout_cave_shapes, nicolae_slime_entry_slimehenge,
          grunt_forest_large_clearing_hut, lemuel_fruit_fields,
          serial_bayou_shore_b

Skill      XL: |  1  2  3  4  5  6  7  8  9 10 11 12 13 |
---------------+----------------------------------------+-----
Fighting       | 3 4 6 9 |  9.0
Ranged Weapons | 1 2 4 5 7 8 |  8.9
Dodging        | 4 5 6 |  6.0
Armour         | 4 10 | 10.0
Stealth        | 1 4 |  4.0
Long Blades    | 6 9 |  9.8
Spellcasting   | 3 4 |  4.7
Transmutations | 3 4 |  4.7
Evocations     | 6 |  6.0
Invocations    | 2 11 | 11.8
Short Blades   | |  2.6
Throwing       | |  1.7

Action                     |  1- 3 |  4- 6 |  7- 9 | 10-12 | 13-15 || total
---------------------------+-------+-------+-------+-------+-------++-------
  Melee: Rapier            |    34 |       |       |       |       ||    34
         Punch             |     1 |       |       |     8 |     5 ||    14
         Long sword        |       |       |       |   458 |   258 ||   716
   Fire: Sling             |    27 |   227 |   278 |   115 |       ||   647
  Throw: Throwing net      |       |       |       |     6 |       ||     6
         Boomerang         |       |       |       |     3 |       ||     3
   Cast: Wereblood         |       |       |       |     1 |       ||     1
 Invoke: Minor Destruction |       |       |       |       |     5 ||     5
         Lesser Servant of |       |       |       |       |     1 ||     1
  Evoke: Wand              |       |       |     1 |     9 |     8 ||    18
    Use: Scroll            |     3 |    10 |       |    12 |     3 ||    28
         Potion            |       |     1 |       |     2 |       ||     3
   Stab: Sleeping          |     1 |       |       |    11 |     2 ||    14
         Distracted        |       |       |       |     2 |       ||     2
         Held in net/web   |       |       |       |     5 |       ||     5
 Armour: Leather armour    |    12 |     9 |       |       |       ||    21
         Ring mail         |       |       |    26 |   164 |   140 ||   330
  Dodge: Dodged            |    32 |    62 |   114 |   488 |   336 ||  1032
  Block: Other             |       |    16 |    10 |   120 |    64 ||   210

Table legend: (Time is in decaauts)
 A = Elapsed time spent in this place.
 B = Non-inter-level travel time spent in this place.
 C = Inter-level travel time spent in this place.
 D = Time resting spent in this place.
 E = Time spent auto-exploring this place.
 F = Levels seen in this place.
 G = Mean time per level.
                   A        B        C        D        E       F      G
               +--------+--------+--------+--------+--------+-----+--------+
         Total |  16674 |  15677 |    997 |   4130 |   8708 |  17 |  980.8 |
       Dungeon |  10368 |   9509 |    859 |   1890 |   5888 |  10 | 1036.8 |
        Temple |     29 |      1 |     28 |      0 |      0 |   1 |   29.0 |
          Lair |   5993 |   5884 |    109 |   2240 |   2622 |   5 | 1198.6 |
         Sewer |    282 |    282 |      0 |      0 |    198 |   1 |  282.0 |
               +--------+--------+--------+--------+--------+-----+--------+

Top non-repeatable levels by time:
  Lair:1: 1921 daAuts
     D:8: 1832 daAuts
  Lair:2: 1502 daAuts
  Lair:4: 1398 daAuts
    D:10: 1242 daAuts
     D:9: 1171 daAuts
  Lair:5: 1092 daAuts
     D:6: 1055 daAuts
     D:7: 987 daAuts
     D:2: 960 daAuts
     D:5: 959 daAuts
     D:4: 924 daAuts
     D:1: 685 daAuts
     D:3: 549 daAuts
   Sewer: 282 daAuts
